 Dungeon Crawl Stone Soup version 0.29.1-2-gbd0b4ee654 (webtiles) character file.

Game seed: 13186418570129114978

65912 sanboga the Bludgeoner (level 14, -7/121 HPs)
             Began as a Minotaur Monk on Nov 18, 2022.
             Was a High Priest of Hepliaklqana.
             Mangled by a reaper
             ... wielding a +2 scythe of freezing
              (24 damage)
             ... in an ice cave.
             The game lasted 00:32:16 (19282 turns).

sanboga the Bludgeoner (Minotaur Monk)             Turns: 19282, Time: 00:32:17

Health: -7/121     AC: 26    Str: 28    XL:     14   Next: 77%
Magic:  22/22      EV: 10    Int:  9    God:    Hepliaklqana [*****.]
Gold:   343        SH:  0    Dex: 18    Spells: 13/13 levels left

rFire   + + +      SeeInvis +   x - +6 great mace (holy)
rCold   + + +      Faith    .   (shield currently unavailable)
rNeg    . . .      Spirit   .   q - +0 plate armour
rPois   +          Reflect  .   c - +2 hood of the Assassin {Detection Stab+ Stlth++}
rElec   .          Harm     .   s - +1 cloak {Will+}
rCorr   +          Rampage  .   C - +1 pair of gloves "Tigubeck" {rC+ rCorr Int+2}
Will    ++...                   d - +1 pair of boots "Zyaniysh" {+Blink rF+++ rC- SInv}
Stlth   ..........              (no amulet)
HPRegen 0.30/turn               j - ring "Achooth" {rC+ MP+9 Slay+3}
MPRegen 0.18/turn               p - ring of Kackocoa {Contam rPois rC+++ Str+6 Dex+6}

@: hasted, studying Throwing, very quick
A: reduced essence, horns 2, retaliatory headbutt
a: Renounce Religion, Evoke Blink, Recall Ancestor, Ancestor Identity,
Transference, Idealise


You were in an ice cave.
You worshipped Hepliaklqana.
Hepliaklqana was extremely pleased with you.
You visited 2 branches of the dungeon, and saw 16 of its levels.
You also visited: Sewer and Ice Cave.

You collected 1139 gold pieces.
You spent 796 gold pieces at shops.

Inventory:

Hand Weapons
 m - a +3 vorpal battleaxe
 x - a +6 great mace of holy wrath (weapon)
Armour
 c - the +2 hood of the Assassin (worn) {Detection Stab+ Stlth++}
   (You found it on level 12 of the Dungeon)

   It allows the wearer to sense nearby creatures.
   It allows the wearer to make particularly effective stabbing attacks against
   helpless or unaware enemies with any weapon.
   Stlth:     It makes you much more stealthy.
 d - the +1 pair of boots "Zyaniysh" (worn) {+Blink rF+++ rC- SInv}
   (You bought it in a shop on level 13 of the Dungeon)

   rF:        It renders you almost immune to fire.
   rC:        It makes you vulnerable to cold.
   SInv:      It lets you see invisible.
   +Blink:    It lets you blink.
 q - a +0 plate armour (worn)
 s - a +1 cloak of willpower (worn)
 C - the +1 pair of gloves "Tigubeck" (worn) {rC+ rCorr Int+2}
   (You acquired it on level 12 of the Dungeon)

   Int:       It affects your intelligence (+2).
   rC:        It protects you from cold.
   rCorr:     It protects you from acid and corrosion.
Jewellery
 j - the ring "Achooth" (left hand) {rC+ MP+9 Slay+3}
   (You acquired it on level 5 of the Dungeon)

   [ring of magical power]

   Slay:      It affects your accuracy & damage with ranged weapons and melee
   (+3).
   rC:        It protects you from cold.
   MP:        It affects your magic capacity (+9).
 p - the ring of Kackocoa (right hand) {Contam rPois rC+++ Str+6 Dex+6}
   (You found it on level 4 of the Dungeon)

   [ring of dexterity]

   Str:       It affects your strength (+6).
   Dex:       It affects your dexterity (+6).
   rC:        It renders you almost immune to cold.
   rPois:     It protects you from poison.
   Contam:    It causes magical contamination when unequipped.
Wands
 n - a wand of quicksilver (8)
 v - a wand of mindburst (8)
 z - a wand of iceblast (7)
 F - a wand of polymorph (7)
Scrolls
 f - 4 scrolls of identify
 o - 2 scrolls of teleportation
 r - 4 scrolls of fear
 u - 4 scrolls of brand weapon
 w - 2 scrolls of fog
 A - 3 scrolls of silence
 E - a scroll of enchant armour
Potions
 a - 4 potions of ambrosia
 b - 5 potions of heal wounds
 e - a potion of resistance
 g - 3 potions of cancellation
 h - 2 potions of haste
 i - 5 potions of mutation
 k - 5 potions of flight
 l - 2 potions of curing
 D - a potion of berserk rage {unknown}


   Skills:
 + Level 15.5 Fighting
 - Level 12.5(16.5) Axes
 + Level 17.2(18.8) Maces & Flails
 + Level 15.0 Armour
 - Level 3.2 Dodging
 - Level 1.5 Stealth


You had 13 spell levels left.
You didn't know any spells.
Your spell library contained the following spells:

 Spells                   Type           Power      Damage    Failure   Level
 Beastly Appendage        Tmut           0%         N/A       94%         1
 Sting                    Tmut/Pois      0%         1d3       94%         1
 Blink                    Tloc           0%         N/A       98%         2
 Ensorcelled Hibernation  Hex/Ice        0%         N/A       98%         2
 Poisonous Vapours        Pois/Air       0%         N/A       98%         2
 Wereblood                Tmut           0%         N/A       98%         2
 Gell's Gravitas          Tloc           0%         N/A       100%        3
 Lesser Beckoning         Tloc           0%         N/A       100%        3
 Ozocubu's Armour         Ice            0%         N/A       100%        3
 Spider Form              Tmut/Pois      0%         N/A       100%        3
 Teleport Other           Tloc           0%         N/A       100%        3
 Airstrike                Air            0%         2d(0-16)  100%        4
 Anguish                  Hex/Necr       0%         N/A       100%        4
 Corpse Rot               Necr/Pois/Air  0%         N/A       100%        4
 Summon Lightning Spire   Summ/Air       0%         N/A       100%        4
 Fireball                 Conj/Fire      0%         3d3       100%        5
 Iskenderun's Battlesphe  Conj           0%         2d6       100%        5
 Lightning Bolt           Conj/Air       0%         1d11      100%        5
 Manifold Assault         Tloc           0%         N/A       100%        5
 Summon Mana Viper        Hex/Summ       0%         N/A       100%        5
 Conjure Ball Lightning   Conj/Air       0%         3x3d6     100%        6
 Orb of Destruction       Conj           0%         9d5       100%        7
 Ozocubu's Refrigeration  Ice            0%         4d7       100%        7


Dungeon Overview and Level Annotations

Branches:
Dungeon (15/15)            Temple (1/1) D:5            Lair (0/5) D:10
    Orc (0/2) D:9          Vaults (0/5) D:14         Depths (0/4) D:15
  Sewer (visited)           IceCv (1/1)

Altars:
Ashenzari
Cheibriados
Dithmenos
Elyvilon
Fedhas
Gozag
Hepliaklqana
Kikubaaqudgha
Makhleb
Nemelex Xobeh
Okawaru
Qazlal
Ru
Sif Muna
Trog
Uskayaw
Vehumet
Wu Jian
Xom
Yredelemnul
Zin
The Shining One

Shops:
D:10 *   D:13 [*(


Innate Abilities, Weirdness & Mutations

Your life essence is reduced to manifest your ancestor. (-10% HP)
You have a pair of horns on your head.
You reflexively headbutt those who attack you in melee.


Message History

You feel yourself speed up.
You are engulfed in freezing vapours.
You resist.
The reaper hits you from afar with a +2 scythe of freezing!!!
The reaper freezes you.
The reaper hits you with a +1 scythe of freezing.
You bludgeon the reaper!!
The reaper convulses.
You headbutt the reaper!
The reaper is heavily wounded.
You are engulfed in freezing vapours.
You resist.
You bludgeon the reaper!!
The reaper convulses!!
You kill the reaper!
You are engulfed in freezing vapours.
You resist. The reaper completely misses you.
Your Armour skill increases to level 15!
You are engulfed in freezing vapours.
You resist.
Things that are here:
a +1 scythe of freezing; a +0 robe of cold resistance; a ring of protection from cold You thump the reaper!
The reaper convulses!
You headbutt the reaper, but do no damage.
The reaper is moderately wounded.
You are engulfed in freezing vapours.
You resist.
The reaper whispers, "Time's up, sanboga!"
The reaper hits you with a +2 scythe of freezing!!
The reaper freezes you.
Gertrude is engulfed in freezing vapours.
You bludgeon the reaper!!
The reaper convulses!!
You kill the reaper!
You are engulfed in freezing vapours.
You resist.
You swap places.
You are engulfed in freezing vapours.
You resist.
A reaper comes into view.
It is wielding a +2 scythe of freezing and wearing a +0 robe of cold resistance.
Gertrude is engulfed in freezing vapours.
The reaper hits you from afar with a +2 scythe of freezing.
You crush the reaper like a grape!!!
The reaper convulses!!
The reaper is severely wounded.
The reaper hits you with a +2 scythe of freezing!!
* * * LOW HITPOINT WARNING * * *
Gertrude is engulfed in freezing vapours.
You barely miss the reaper.
You headbutt the reaper, but do no damage.
The reaper is severely wounded.
The reaper hits you with a +2 scythe of freezing!!
You die...

#...##.....##=.######
#..###[...........#.##
##...##)..##.........#
##...############....
##..☼### ###..
###°)○###### ###
##○○○§...#### #
###R☼○≈.○§....###
###.@.§§○2○°##2...###
#§.2≈§§####§.##Z....#
#..○§§.○# ......#....
#...☼§§.## .....###....
#....§§§## .....#
...... ##.....☼.
...#.........#
##.....###..#..###...##
###..#. #. ##### ###


You could see the friendly Gertrude the hexer and 2 reapers.

Vanquished Creatures
  An ironbound preserver (D:14)
  2 reapers (IceCv)
  2 crystal guardians (D:12)
  A rakshasa (D:12)
  Fannar (D:12)
  A two-headed ogre (D:11)
  3 centaur warriors
  Urug (D:12)
  4 skeletal warriors
  A glowing orange brain (shapeshifter) (D:14)
  2 spriggan simulacra (IceCv)
  An obsidian statue (IceCv)
  The ghost of jamesblauser the Chopper, a novice MiBe of Trog (D:7)
  An orange crystal statue (D:12)
  A bog body (IceCv)
  2 deep elf pyromancers
  A wolf spider (D:11)
  3 manticores
  6 cyclopes
  3 ugly things (D:14)
  A gargoyle (D:14)
  Psyche (D:12)
  A kobold demonologist (D:14)
  2 unseen horrors
  4 ice devils (IceCv)
  9 freezing wraiths (IceCv)
  A komodo dragon (D:11)
  A golden dragon simulacrum (IceCv)
  An anaconda simulacrum (IceCv)
  6 trolls
  5 slime creatures (D:14)
  A shadow (D:9)
  The ghost of cdecastro the Vexing, an amateur VSEn of Uskayaw (D:5)
  A wyvern (D:9)
  3 wraiths
  A dire elephant simulacrum (IceCv)
  3 yaks
  2 basilisks
  7 vampire mosquitoes
  3 steam dragons
  4 minotaur simulacra (IceCv)
  4 wargs
  An acid dragon (D:12)
  3 water moccasins
  A meliai simulacrum (D:14)
  2 ice beasts
  8 orc warriors
  A sky beast (D:7)
  A black bear (D:7)
  An ogre (D:5)
  7 centaurs
  An alligator simulacrum (IceCv)
  2 phantoms
  5 kobold brigands
  2 bullfrogs (D:8)
  3 deep troll simulacra (IceCv)
  A gnoll sergeant (D:10)
  5 scorpions
  14 wights
  15 killer bees
  9 howler monkeys
  3 hounds
  11 orc priests
  An iguana (D:5)
  Jessica (D:3)
  13 orc wizards
  A hexer (D:7)
  9 adders
  5 gnolls (D:7)
  3 worms
  4 dart slugs
  58 orcs
  6 bats
  4 endoplasms
  4 giant cockroaches
  2 goblins
  3 hobgoblins (D:2)
  22 kobolds
  A quokka (D:4)
  12 ball pythons
  10 frilled lizards
  11 rats
366 creatures vanquished.

Vanquished Creatures (collateral kills)
  Snorg (D:12)
  A hydra (D:8)
  Erolcha (D:13)
  A boulder beetle (D:11)
  4 two-headed ogres
  An orange crystal statue (IceCv)
  2 ugly things
  A troll (D:5)
  2 slime creatures
  A yak (D:11)
  A basilisk (D:12)
  A warg (D:9)
  An acid dragon (D:13)
  A sky beast (D:6)
  A centaur (D:14)
  2 kobold brigands (D:14)
  A gnoll sergeant (D:7)
  2 wights (D:9)
  5 killer bees
  A howler monkey (D:8)
  An orc priest (D:7)
  4 orc wizards
  3 gnolls (D:7)
  A shadow imp (D:6)
  A worm (D:5)
  11 orcs
  A frilled lizard (D:5)
  5 kobolds
58 creatures vanquished.

Vanquished Creatures (others)
  9 hexers
  7 plants
16 creatures vanquished.

Grand Total: 440 creatures vanquished

Notes
Turn   | Place    | Note
-------+----------+-------------------------------------------
     0 | D:1      | sanboga the Minotaur Monk began the quest for the Orb.
     0 | D:1      | Reached XP level 1. HP: 19/19 MP: 0/0
   229 | D:1      | Reached skill level 1 in Armour
   229 | D:1      | Reached XP level 2. HP: 26/27 MP: 1/1
   242 | D:1      | Reached skill level 1 in Axes
   855 | D:2      | Reached skill level 4 in Maces & Flails
   855 | D:2      | Reached XP level 3. HP: 18/33 MP: 2/2
  1069 | D:2      | Found a faded altar of an unknown god.
  1842 | D:3      | Found a glowing drain.
  1850 | Sewer    | Entered a sewer
  1856 | Sewer    | Reached XP level 4. HP: 27/41 MP: 3/3
  2125 | Sewer    | Noticed a kobold brigand
  2139 | Sewer    | Killed a kobold brigand
  2140 | Sewer    | Reached XP level 5. HP: 35/47 MP: 4/4
  2236 | Sewer    | Reached skill level 5 in Maces & Flails
  2395 | Sewer    | Reached skill level 5 in Fighting
  2605 | D:3      | Reached XP level 6. HP: 36/54 MP: 5/5
  3019 | D:3      | Identified the ring of Quzet {rC- rN+++ rCorr Str+6 Slay-3}
  3114 | D:3      | Noticed Jessica
  3118 | D:3      | Killed Jessica
  3566 | D:3      | You fall into a shaft and drop 2 floors!
  3566 | D:5      | Entered Level 5 of the Dungeon
  3617 | D:5      | Noticed an ice beast
  3627 | D:5      | Killed an ice beast
  3628 | D:5      | Reached XP level 7. HP: 52/62 MP: 6/6
  3632 | D:5      | Reached skill level 6 in Maces & Flails
  3633 | D:5      | Identified a scroll of acquirement
  3635 | D:5      | Acquired the ring "Achooth" {rC+ MP+9 Slay+3}
  4222 | D:4      | Reached skill level 5 in Armour
  4268 | D:4      | Reached skill level 5 in Axes
  4597 | D:4      | Identified the ring of Kackocoa {Contam rPois rC+++ Str+6
                  | Dex+6}
  4680 | D:5      | Noticed cdecastro's ghost (amateur VSEn)
  4681 | D:5      | Found a transporter.
  4681 | D:5      | Noticed a troll
  4686 | D:5      | Found a transporter.
  4903 | D:5      | Found a staircase to the Ecumenical Temple.
  4917 | Temple   | Entered the Ecumenical Temple
  4942 | Temple   | Became a worshipper of Hepliaklqana the Forgotten
  4942 | Temple   | Reached * piety under Hepliaklqana
  4942 | Temple   | Reached ** piety under Hepliaklqana
  4943 | Temple   | Remembered your ancestor Gertrude as a hexer
  5169 | D:5      | Reached XP level 8. HP: 49/63 MP: 7/7
  5309 | D:5      | Reached skill level 7 in Maces & Flails
  5565 | D:5      | Killed cdecastro's ghost
  5646 | D:5      | Killed a troll
  6022 | D:6      | Found a runed translucent door.
  6070 | D:6      | Reached skill level 8 in Maces & Flails
  6070 | D:6      | Reached XP level 9. HP: 37/72 MP: 8/8
  7097 | D:7      | Found a snail-covered altar of Cheibriados.
  7323 | D:7      | Found a broken altar of Ashenzari.
  7430 | D:7      | Reached skill level 9 in Maces & Flails
  7666 | D:7      | Reached *** piety under Hepliaklqana
  7839 | D:7      | Found a runed translucent gate.
  7841 | D:7      | Found a runed translucent gate.
  7841 | D:7      | Found a runed translucent gate.
  7842 | D:7      | Noticed jamesblauser's ghost (novice MiBe)
  7843 | D:7      | Identified the +2 chain mail "Damy" {rF+ rCorr Str+9 Int-4}
  8515 | D:7      | Killed jamesblauser's ghost
  8516 | D:7      | Reached XP level 10. HP: 81/81 MP: 9/9
  9136 | D:8      | Noticed a seven-headed hydra
  9142 | D:8      | Killed a seven-headed hydra
  9143 | D:8      | Reached skill level 10 in Fighting
  9143 | D:8      | Reached skill level 10 in Maces & Flails
  9795 | D:9      | Reached skill level 10 in Armour
  9874 | D:9      | Reached skill level 10 in Axes
 10239 | D:9      | Found a staircase to the Orcish Mines.
 10249 | D:9      | Reached XP level 11. HP: 76/90 MP: 10/10
 10354 | D:9      | Found a burning altar of Makhleb.
 10368 | D:9      | Found a shadowy altar of Dithmenos.
 10648 | D:10     | Entered Level 10 of the Dungeon
 10779 | D:10     | Reached **** piety under Hepliaklqana
 10781 | D:10     | Found a staircase to the Lair.
 10797 | D:10     | Reached skill level 11 in Maces & Flails
 11076 | D:10     | Found Xyagisem's Overcharged Wands.
 11776 | D:11     | Noticed a two-headed ogre
 11780 | D:11     | Killed a two-headed ogre
 11983 | D:11     | Noticed a two-headed ogre
 11990 | D:11     | Killed a two-headed ogre
 12146 | D:11     | Noticed a two-headed ogre
 12163 | D:11     | Killed a two-headed ogre
 12171 | D:11     | Noticed a wolf spider
 12180 | D:11     | Killed a wolf spider
 12517 | D:11     | Found a sacrificial altar of Ru.
 12529 | D:11     | Noticed a boulder beetle
 12542 | D:11     | Killed a boulder beetle
 12579 | D:11     | Noticed a two-headed ogre
 12586 | D:11     | Killed a two-headed ogre
 12587 | D:11     | Reached skill level 12 in Maces & Flails
 13232 | D:12     | Found a runed translucent door.
 13235 | D:12     | Found the +2 hood of the Assassin {Detection Stab+ Stlth++}
 13239 | D:12     | Noticed an orange crystal statue
 13242 | D:12     | Noticed a crystal guardian
 13242 | D:12     | Noticed a crystal guardian
 13244 | D:12     | Noticed a two-headed ogre
 13248 | D:12     | Killed an orange crystal statue
 13253 | D:12     | Reached ***** piety under Hepliaklqana
 13737 | D:12     | Killed a crystal guardian
 13738 | D:12     | Reached XP level 12. HP: 61/101 MP: 11/11
 13753 | D:12     | Killed a crystal guardian
 14124 | D:12     | Identified the +5 rapier of the Gnat {vorpal, Int+2}
 14156 | D:12     | Got the Quarto of the Alluring Spider
 14181 | D:12     | Acquired the +1 pair of gloves "Tigubeck" {rC+ rCorr Int+2}
 14230 | D:12     | Noticed Fannar
 14240 | D:12     | Killed Fannar
 14261 | D:12     | Noticed Psyche
 14265 | D:12     | Killed Psyche
 14569 | D:12     | Noticed Urug
 14580 | D:12     | Killed Urug
 14689 | D:12     | Noticed a two-headed ogre
 14697 | D:12     | Killed a two-headed ogre
 14709 | D:12     | Reached skill level 13 in Maces & Flails
 15273 | D:13     | Found Ziblufe's Antique Weapon Boutique.
 15285 | D:13     | Noticed a centaur warrior
 15294 | D:13     | Killed a centaur warrior
 15359 | D:13     | Noticed Erolcha
 15361 | D:13     | Noticed a rakshasa
 15363 | D:13     | Noticed Snorg
 15365 | D:13     | Killed Erolcha
 15730 | D:12     | Killed Snorg
 15912 | D:12     | Killed a rakshasa
 16225 | D:13     | Found Osuejogu's General Store.
 16233 | D:13     | Bought a potion of heal wounds for 80 gold pieces
 16233 | D:13     | Bought a scroll of teleportation for 48 gold pieces
 16283 | D:13     | Acquired a +4 great mace of holy wrath
 16346 | D:13     | Found Dimebomp's Armour Emporium.
 16354 | D:13     | Bought the +1 pair of boots "Zyaniysh" {+Blink rF+++ rC-
                  | SInv} for 668 gold pieces
 16737 | D:13     | Reached XP level 13. HP: 72/110 MP: 12/12
 16882 | D:13     | Reached skill level 14 in Maces & Flails
 17407 | D:14     | Found a gate to the Vaults.
 17407 | D:14     | Noticed an ironbound preserver
 17418 | D:14     | Killed an ironbound preserver
 17557 | D:14     | Reached skill level 16 in Maces & Flails
 17557 | D:14     | Reached XP level 14. HP: 119/119 MP: 13/13
 18214 | D:15     | Entered Level 15 of the Dungeon
 18275 | D:15     | Found a frozen archway.
 18285 | IceCv    | Entered an ice cave
 18556 | IceCv    | Reached skill level 15 in Fighting
 18617 | IceCv    | Reached skill level 17 in Maces & Flails
 18929 | IceCv    | Noticed a reaper
 18931 | IceCv    | Noticed a reaper
 19265 | IceCv    | Noticed a reaper
 19274 | IceCv    | Killed a reaper
 19275 | IceCv    | Reached skill level 15 in Armour
 19277 | IceCv    | Killed a reaper
 19278 | IceCv    | Noticed a reaper
 19282 | IceCv    | Mangled by a reaper

Illustrated notes

Levels and vault maps discovered:
D:1:      wheals_arrival_linesprint, layout_basic, minmay_misc_feat_cross
D:2:      layout_loops_ring, shapermc_ecumenical_altar_starsandcircs,
          kennysheep_generic_room_10
D:3:      layout_basic, gup_sewer_entry_bubbles, grunt_decor_one_mirror,
          uniq_jessica
D:4:      layout_loops_ring, serial_bayou_lagoon_a
D:5:      layout_loops_ring, minmay_temple_entry_sparse_star,
          gammafunk_ghost_arena, minmay_lizard_king
D:6:      layout_loops_ring, lightli_church_of_beogh
D:7:      layout_loops_ring, amcnicky_altar_gilded, cheibrodos_worm_habitat,
          biasface_ghost_orc_armoury
D:8:      layout_basic, minmay_manual_mares
D:9:      layout_small_grid, mainiacjoe_overflow_big_doors,
          minmay_orc_entry_guard_dogs
D:10:     minmay_general_purpose_star, layout_irregular_city,
          erik_lair_orcish_takeover, chequers_garden,
          nicolae_shop_overcharged_wands
D:11:     layout_small_grid, minivault_25, nicolae_ru_awakened_eye
D:12:     layout_loops_corners, minmay_crystal_box, uniq_urug, uniq_fannar,
          uniq_psyche
D:13:     layout_rooms, serial_shops, nicolae_shop_waterfront,
          nicolae_shop_temple_entry_statues_fountains, nicolae_shop_stone,
          uniq_erolcha, uniq_snorg
D:14:     layout_roguey, skrybe_vaults_entry_preservation,
          nicolae_figureground_pulse, chequers_avenue
D:15:     grunt_enter_depths_giant_problem, layout_small_grid,
          portal_ice_cave_entry_pillars_2
Temple:   regret_index_temple_chain_breaker
IceCv:    ice_cave_small_demon

Skill      XL: |  1  2  3  4  5  6  7  8  9 10 11 12 13 14 |
---------------+-------------------------------------------+-----
Armour         | 1 2 3 4 5 6 8 10 11 13 14 15 | 15.0
Axes           | 1 2 3 4 5 6 8 10 11 12 | 12.5
Fighting       | 4 5 6 8 9 10 12 13 14 15 | 15.5
Maces & Flails | 4 5 6 8 9 10 12 13 16 17 | 17.2
Dodging        | |  3.2
Stealth        | |  1.5

Action                   |  1- 3 |  4- 6 |  7- 9 | 10-12 | 13-15 || total
-------------------------+-------+-------+-------+-------+-------++-------
Melee: Mace              |   122 |    98 |    63 |       |       ||   283
       Headbutt          |     8 |    17 |    40 |   107 |    40 ||   212
       Flail             |       |       |   158 |    60 |       ||   218
       Punch             |       |       |     2 |       |       ||     2
       Dire flail        |       |       |       |   312 |       ||   312
       Great mace        |       |       |       |    15 |   160 ||   175
Invok: Ancestor Life: He |       |       |     1 |       |       ||     1
       Ancestor Identity |       |       |     1 |       |       ||     1
       Recall Ancestor   |       |       |     1 |     2 |       ||     3
Evoke: Wand              |       |       |     5 |    15 |     1 ||    21
  Use: Scroll            |    10 |     1 |    14 |    15 |     4 ||    44
       Potion            |     1 |     1 |     1 |     3 |     6 ||    12
 Stab: Sleeping          |     4 |       |       |       |       ||     4
       Confused          |       |       |     5 |    12 |     4 ||    21
       Distracted        |       |       |     1 |     6 |     1 ||     8
Armor: Robe              |     7 |       |       |       |       ||     7
       Scale mail        |    33 |    29 |    57 |       |       ||   119
       Plate armour      |       |       |    57 |   187 |   143 ||   387
Dodge: Dodged            |    89 |    34 |   147 |   164 |    70 ||   504
